 Dungeon Crawl Stone Soup version 0.18.1-48-g4cf74bf (webtiles) character file.

34 Oakoak the Digger (level 3, 0/20 HPs)
             Began as a Gargoyle Earth Elementalist on June 24, 2016.
             Slain by a jackal (1 damage)
             ... on level 2 of the Dungeon.
             The game lasted 00:08:28 (1551 turns).

Oakoak the Digger (Gargoyle Earth Elementalist)     Turns: 1551, Time: 00:08:29

Health: 0/20       AC: 14    Str: 11 (12) XL:     3   Next: 31%
Magic:  2/6        EV:  2    Int: 13 (15) God:
Gold:   35         SH:  0    Dex:  8 (10) Spells: 1 memorised, 5 levels left

rFire  . . .     SeeInvis .     n - -3 falchion (curse)
rCold  . . .     Gourm    .     j - +1 plate armour
rNeg   + . .     Faith    .     (no shield)
rPois  ∞         Spirit   .     (no helmet)
rElec  +         Dismiss  .     (no cloak)
rCorr  .         Reflect  .     (no gloves)
SustAt .         Harm     .     (no boots)
MR     .....                    (no amulet)
Stlth  ..........               (no ring)
                                (no ring)

@: very slightly contaminated, not resistant to hostile enchantments, extremely
unstealthy
A: negative energy resistance 1, electricity resistance, unbreathing,
petrification resistance, rot immunity, AC +3
a: no special abilities


You were on level 2 of the Dungeon.
You were not hungry.

You visited 1 branch of the dungeon, and saw 2 of its levels.

You collected 35 gold pieces.

Inventory:

Hand Weapons
 g - a +0 club
 i - a +0 short sword
 n - a cursed -3 falchion (weapon)
Missiles
 b - 51 stones (quivered)
 e - 58 sling bullets
 l - 11 poisoned needles
Armour
 a - a +0 robe
 j - a +1 plate armour (worn)
Books
 c - a book of Geomancy

   Spells                             Type                      Level
   a - Sandblast                      Earth                        1
   b - Passwall                       Transmutation/Earth          2
   c - Stone Arrow                    Conjuration/Earth            3
   d - Petrify                        Transmutation/Earth          4
   e - Lee's Rapid Deconstruction     Earth                        5
Comestibles
 d - 2 bread rations


   Skills:
 + Level 0.7 Fighting
 + Level 0.3 Short Blades
 + Level 0.2 Armour
 + Level 1.7 Dodging
 + Level 2.4 Stealth
 + Level 2.3 Spellcasting
   Level 0.7 Transmutations
 + Level 4.2 Earth Magic


You had 5 spell levels left.
You knew the following spells:

 Your Spells              Type           Power        Failure   Level  Hunger
a - Sandblast             Erth           ##....       100%        1    #......


Dungeon Overview and Level Annotations

Branches:
Dungeon (2/15)

Altars:


Innate Abilities, Weirdness & Mutations

You are resistant to torment.
Your stone body is resilient (AC +3).
You are immune to poison.
You resist negative energy.
You are resistant to electric shocks.
You can survive without breathing.
You are immune to petrification.
You are immune to rotting.


Message History

The jackal bites you but does no damage. x2
Unknown command.
Throwing (i - inventory):
b - 54 stones (quivered)
Press: ? - help, Shift-Dir - straight line, f/p - jackal
Aim: a jackal (moderately wounded)
You throw a stone. The stone hits the jackal.
The jackal is severely wounded.
The jackal bites you but does no damage. x4
Throwing (i - inventory):
b - 53 stones (quivered)
Press: ? - help, Shift-Dir - straight line, f/p - jackal
Aim: a jackal (severely wounded)
You throw a stone. The stone closely misses the jackal.
The jackal bites you but does no damage. x2
Throwing (i - inventory):
b - 52 stones (quivered)
Press: ? - help, Shift-Dir - straight line, f/p - jackal
Aim: a jackal (severely wounded)
You throw a stone. The stone hits the jackal.
The jackal is almost dead.
The jackal bites you.
You die...

##.#. .... #... . ...
##..# .. ..# ...## ...
##.. #...# ....
...####...#### .....##
#..#.....#...
?......###
#.#.##..#..#
#hh@#####...##..#...
#.#h#.......##..#...
###.........##...).<
#....(..###.#.##.###..
######....#.#.........
...##.#.#......#..
.#### .#.#.....<#.. #
#.##.#.#....
#...........


You could see 3 jackals.

Vanquished Creatures
  2 dart slugs (D:1)
  A giant gecko (D:1)
  A giant cockroach (D:1)
  5 goblins
  6 hobgoblins
  4 bats
  A giant newt (D:1)
  3 kobolds (D:1)
  5 rats
28 creatures vanquished.

Notes
Turn   | Place    | Note
--------------------------------------------------------------
     0 | D:1      | Oakoak the Gargoyle Earth Elementalist began the quest for the Orb.
     0 | D:1      | Reached XP level 1. HP: 10/10 MP: 3/3
   423 | D:1      | Reached XP level 2. HP: 15/15 MP: 5/5
   554 | D:1      | Reached skill level 4 in Earth Magic
   953 | D:1      | Reached XP level 3. HP: 13/19 MP: 6/6
  1544 | D:2      | HP: 1/20 [jackal (1)]
  1551 | D:2      | Slain by a jackal

Skill      XL: |  1  2 |
---------------+-------+-----
Earth Magic    | 4 |  4.2
Fighting       | |  0.7
Short Blades   | |  0.3
Armour         | |  0.2
Dodging        | |  1.7
Stealth        | |  2.4
Spellcasting   | |  2.3
Transmutations | |  0.7

Action                   || total
-------------------------++-------
Melee: Unarmed           ||     7
       Short sword       ||   138
       Falchion          ||    70
Throw: Stone             ||    23
 Cast: Sandblast         ||     6
  Use: Scroll            ||     4
       Potion            ||     1
  Eat: Bread ration      ||     1
       Chunk             ||     1
Armor: Plate armour      ||   364
       Robe              ||     2
Dodge: Dodged            ||    54
